 Dungeon Crawl Stone Soup version 0.27-a0-1189-gb8eb6cee8e (webtiles) character file.

Game seed: 8260842941528454375

30 armax the Covered (level 3, -16/34 HPs)
             Began as a Deep Dwarf Fighter on May 22, 2021.
             Demolished by an ogre
             ... wielding a +0 giant spiked club
              (17 damage)
             ... on level 3 of the Dungeon.
             The game lasted 00:00:38 (322 turns).

armax the Covered (Deep Dwarf Fighter)               Turns: 322, Time: 00:00:39

Health: -16/34     AC:  6    Str: 20    XL:     3   Next: 5%
Magic:  3/3        EV:  7    Int:  8    God:
Gold:   0          SH:  9    Dex: 12    Spells: 2/2 levels left

rFire    . . .     SeeInvis .   a - +0 war axe
rCold    . . .     Faith    .   c - +0 kite shield
rNeg     . . .     Spirit   .   b - +0 scale mail
rPois    .         Reflect  .   (no helmet)
rElec    .         Harm     .   (no cloak)
rCorr    .         Rampage  .   (no gloves)
Will     .....                  (no boots)
Stlth    ..........             (no amulet)
HPRegen  0.00/turn              (no ring)
MPRegen  0.08/turn              (no ring)

@: no status effects
A: damage resistance, heal wounds, sense surroundings 1, no regeneration
a: Heal Wounds


You were on level 3 of the Dungeon.
You visited 1 branch of the dungeon, and saw 3 of its levels.

Inventory:

Hand Weapons
 a - a +0 war axe (weapon)
Armour
 b - a +0 scale mail (worn)
 c - a +0 kite shield (worn)
Wands
 f - a wand of mindburst (14)
Scrolls
 e - a scroll of identify {unknown}
Potions
 d - a potion of might {@q3}


   Skills:
 + Level 3.0 Fighting
 + Level 2.7 Axes
 + Level 3.6 Armour
 + Level 3.6 Shields


You had 2 spell levels left.
You didn't know any spells.
Your spell library was empty.

Dungeon Overview and Level Annotations

Branches:
Dungeon (3/15)

Altars:


Innate Abilities, Weirdness & Mutations

You are resistant to damage.
You can heal yourself by infusing magical energy.
You passively map a small area around you.
You do not regenerate.


Message History

No target in view!
No target in view!
No target in view!
No target in view!
No target in view!
No target in view!
No target in view!
Found a stone staircase leading down.
A hobgoblin comes into view.
The hobgoblin shouts!
A ball python comes into view.
The ball python hisses angrily.
The ball python bites you but does no damage.
You block the ball python's attack.
You slash the ball python!
You kill the ball python!
You have reached level 3!
Your experience leads to an increase in your attributes!
Increase (s)trength, (i)ntelligence, or (d)exterity?
You feel stronger.
The hobgoblin hits you but does no damage.
You barely miss the hobgoblin.
The hobgoblin hits you but does no damage. x2
You slash the hobgoblin!
You kill the hobgoblin!
No target in view!
No target in view!
No target in view!
No target in view!
No target in view!
No target in view!
No target in view!
No target in view!
No target in view!
No target in view!
No target in view!
No target in view!
No target in view!
No target in view!
No target in view!
No target in view!
Found a stone staircase leading down.
A kobold comes into view. It is wielding a +0 club.
A kobold is nearby!
You hit the kobold.
You kill the kobold!
No target in view!
No target in view!
No target in view!
No target in view!
No target in view!
No target in view!
No target in view!
No target in view!
No target in view!
No target in view!
No target in view!
No target in view!
No target in view!
No target in view!
No target in view!
Things that are here:
a +0 club; a kobold corpse An ogre comes into view.
It is wielding a +0 giant spiked club.
The ogre shouts!
An ogre is nearby!
You block the ogre's attack.
You slash the ogre!
The ogre hits you with a +0 giant spiked club!!
Ouch! That really hurt!
* * * LOW HITPOINT WARNING * * *
You are too injured to fight recklessly!
You are too injured to fight recklessly!
You are too injured to fight recklessly!
You are too injured to fight recklessly!
You are too injured to fight recklessly!
You are too injured to fight recklessly!
You are too injured to fight recklessly!
You are too injured to fight recklessly!
You are too injured to fight recklessly!
You are too injured to fight recklessly!
You are too injured to fight recklessly!
You are too injured to fight recklessly!
You are too injured to fight recklessly!
You are too injured to fight recklessly!
You are too injured to fight recklessly!
You are too injured to fight recklessly!
You are too injured to fight recklessly!
Unknown command.
You feel much better. You block the ogre's attack.
You hit the ogre but do no damage. The ogre barely misses you.
You barely miss the ogre.
The ogre hits you with a +0 giant spiked club!!
Ouch! That really hurt!
* * * LOW HITPOINT WARNING * * *
You slash the ogre! The ogre barely misses you. You block the ogre's attack.
You slash the ogre!
The ogre hits you with a +0 giant spiked club!!
Ouch! That really hurt!
You die...

####.##.##.# ##.## * ,,
* #.##..#.# #...# ,
#.......# #...# ,
#####.#####
#...######## #.......#
#...........
#.#.###.####...####.###
,
#.#.###....[.......>##
,
#.#...................
#.#..##...O@.........#.
#.#..##.####...####....
, #.......#
#...)....... ,
###..#### #...#####.##
* , ,,*#.....# #...# *
##.##.....# #...# ** ,,
..........# ##..., ,,
##.##.....# ###.. * , #
*#.....## ..# ,


You could see an ogre.

Vanquished Creatures
  An adder (D:2)
  A worm (D:2)
  3 bats
  An endoplasm (D:2)
  2 goblins
  2 hobgoblins
  2 jackals (D:2)
  4 ball pythons
  A frilled lizard (D:2)
  A kobold (D:3)
18 creatures vanquished.

Notes
Turn   | Place    | Note
-------+----------+-------------------------------------------
     0 | D:1      | armax the Deep Dwarf Fighter began the quest for the Orb.
     0 | D:1      | Reached XP level 1. HP: 20/20 MP: 1/1
    73 | D:2      | Reached XP level 2. HP: 18/27 MP: 2/2
   287 | D:3      | Reached XP level 3. HP: 20/34 MP: 3/3
   313 | D:3      | Noticed an ogre
   317 | D:3      | HP: 1/34 [ogre/+0 giant spiked club (19)]
   322 | D:3      | Demolished by an ogre

Illustrated notes

Levels and vault maps discovered:
D:1:      dpeg_arrival_arbitrary_c, layout_basic
D:2:      layout_basic, shapermc_ecumenical_altar_flowoftime
D:3:      layout_loops_cross, serial_shops, nicolae_shop_stone, uniq_robin

Skill      XL: |  1  2 |
---------------+-------+-----
Fighting       | 3 |  3.0
Axes           | |  2.7
Armour         | |  3.6
Shields        | |  3.6

Action                   || total
-------------------------++-------
Melee: War axe           ||    62
 Abil: Heal Wounds       ||     2
Armor: Scale mail        ||    28
Dodge: Dodged            ||    32
Block: Kite shield       ||    29

Table legend: (Time is in decaauts)
 A = Elapsed time spent in this place.
 B = Non-inter-level travel time spent in this place.
 C = Inter-level travel time spent in this place.
 D = Time resting spent in this place.
 E = Time spent auto-exploring this place.
 F = Levels seen in this place.
 G = Mean time per level.
                   A        B        C        D        E       F      G
               +--------+--------+--------+--------+--------+-----+--------+
         Total |    359 |    342 |     17 |      0 |    187 |   3 |  119.7 |
       Dungeon |    359 |    342 |     17 |      0 |    187 |   3 |  119.7 |
               +--------+--------+--------+--------+--------+-----+--------+

Top non-repeatable levels by time:
     D:2: 157 daAuts
     D:3: 140 daAuts
     D:1: 62 daAuts
